 Dungeon Crawl Stone Soup version 0.31.0-11-ge490571c62 (webtiles) character file.

Game seed: 7491170322830581117

207 Gadfly the Insei (level 5, -2/41 HPs)
             Began as a Demonspawn Monk on Feb 5, 2024.
             Slain by Crazy Yiuf
             ... wielding a +4 quarterstaff of chaos
              (4 damage)
             ... while petrified by Crazy Yiuf
             ... on level 3 of the Dungeon.
             The game lasted 00:03:06 (2641 turns).

Gadfly the Insei (Demonspawn Monk)                  Turns: 2641, Time: 00:03:06

Health: -2/41      AC:  2    Str: 13    XL:     5   Next: 54%
Magic:  3/5        EV:  2    Int: 11    God:
Gold:   153        SH:  0    Dex: 15    Spells: 4/4 levels left

rFire   . . .        b - +2 falchion (elec)
rCold   . . .        c - orb {light}
rNeg    + + +        k - +0 robe
rPois   ∞            (helmet restricted)
rElec   .            (no cloak)
rCorr   .            (no gloves)
SInv    .            (no boots)
Will    .....        (no amulet)
Stlth   +            (no ring)
HPRegen 0.26/turn    (no ring)
MPRegen 0.09/turn

%: no passive effects
@: mighty, petrified, glowing
A: antennae 1, repulsion field 1, condensation shield
a: no special abilities


You were on level 3 of the Dungeon.
You visited 1 branch of the dungeon, and saw 3 of its levels.

You collected 153 gold pieces.

Inventory:

Hand Weapons
 b - a +2 falchion of electrocution (weapon)
 d - a +1 hammer of protection
Armour
 c - an orb of light (worn)
 k - a +0 robe (worn)
Jewellery
 a - a ring of fire
Scrolls
 e - 4 scrolls of poison
 l - a scroll of immolation {unknown}
Potions
 f - a potion of brilliance {unknown}
 g - a potion of mutation {unknown}
 h - a potion of resistance
 i - 2 potions of ambrosia
 j - a potion of heal wounds


   Skills:
 - Level 3.0 Fighting
 + Level 3.3 Dodging
 * Level 3.8 Unarmed Combat
 * Level 2.4 Evocations
 * Level 2.1 Shapeshifting


You had 4 spell levels left.
You didn't know any spells.
Your spell library contained the following spells:

 Spells                   Type           Power      Damage    Failure   Level
 Mercury Vapours          Alch/Air       0%         N/A       47%         2
 Airstrike                Air            0%         2d(0-16)  98%         4
 Animate Armour           Summ/Erth      0%         N/A       98%         4
 Summon Lightning Spire   Summ/Air       0%         N/A       98%         4
 Lee's Rapid Deconstruct  Erth           0%         3d4*      100%        5
 Sculpt Simulacrum        Ice/Alch       0%         N/A       100%        6
 Maxwell's Capacitive Co  Air            0%         ∞         100%        8


Dungeon Overview and Level Annotations

Branches:
Dungeon (3/15)

Altars:
Makhleb
Okawaru
Uskayaw

Shops:
D:1 (

Annotations:
D:3 3 runed translucent doors, Crazy Yiuf; pigah's ghost, amateur FoHu


Innate Abilities, Weirdness & Mutations

You have a pair of small antennae on your head.
You are surrounded by a mild repulsion field. (EV +2)
A meltable shield of frost defends you. (SH +4)


Message History

There is a stone staircase leading down here.
Things that are here:
a +0 dagger; a goblin corpse Key pressed, stopping explore.
Found 6 large rocks and 6 stones.
Pigah's ghost turns its malevolent gaze towards you.
Pigah's ghost says, "There is no future for me!"
There is a stone staircase leading up here.
You see here a +0 leather armour.
You see here a +0 hammer.
Could not explore, unopened runed door.
Could not explore, unopened runed door.
You open the door.
Crazy Yiuf hits you with a +4 quarterstaff of chaos.
There is an open translucent door here.
You hit Crazy Yiuf.
Crazy Yiuf is lightly wounded.
Crazy Yiuf hits you with a +4 quarterstaff of chaos.
Crazy Yiuf hits you with a +4 quarterstaff of chaos!
You are slowing down.
You hit Crazy Yiuf.
Crazy Yiuf is moderately wounded.
Crazy Yiuf grits, "Papa!"
Crazy Yiuf hits you with a +4 quarterstaff of chaos!
You convulse.
You have turned to stone.
Crazy Yiuf hits you with a +4 quarterstaff of chaos.
* * * LOW HITPOINT WARNING * * *
You feel very mighty all of a sudden.
Crazy Yiuf hits you with a +4 quarterstaff of chaos!
* * * LOW HITPOINT WARNING * * *
Crazy Yiuf freezes you.
* * * LOW HITPOINT WARNING * * *
Crazy Yiuf hits you with a +4 quarterstaff of chaos.
* * * LOW HITPOINT WARNING * * *
You feel your power leaking away.
Crazy Yiuf hits you with a +4 quarterstaff of chaos!
* * * LOW HITPOINT WARNING * * *
Crazy Yiuf grits, "Two!
Trifle sizzlefizz water."
Crazy Yiuf hits you with a +4 quarterstaff of chaos!
You die...

#
#.###.#.#.#.###...........#
#
#.#.............###.###.#.#
# #.#...#..########
#####.#.# #....[...# #..#.#
#....)...# ##### #.##<#
#.#......# #..)# ###.##.#
###.#......# #...# #......#
....#....(.# #.g.# ###.####
....<......# #@# #.##
..........## ♣♣.♣ #..#
######..#### ♣.♣♣ ##.#
#.....# ♣♣.♣ #.# #.#####
♣.♣♣ #.# ##.## ♣♣.♣♣ #.#
##>..## ♣...♣♣ #.#
####.....### ♣..P)♣ #.#
..#........# #....# ####.#


You could see Crazy Yiuf.

Vanquished Creatures
  A scorpion (D:2)
  Jessica (D:3)
  Natasha (D:3)
  A gnoll (D:3)
  2 adders (D:2)
  2 dart slugs
  A ribbon worm (D:2)
  3 orcs (D:3)
  6 bats
  7 endoplasms
  A giant cockroach (D:3)
  5 goblins
  5 hobgoblins
  7 jackals
  4 quokkas
  3 frilled lizards
  5 kobolds
  3 rats
58 creatures vanquished.

Notes
Turn   | Place    | Note
-------+----------+-------------------------------------------
     0 | D:1      | Gadfly the Demonspawn Monk began the quest for the Orb.
     0 | D:1      | Reached XP level 1. HP: 18/18 MP: 1/1
    52 | D:1      | Got Sif Muna's Compilation of the Electric Wendigo
   277 | D:1      | Gained mutation: You are surrounded by a mild repulsion
                  | field. (EV +2) [demonic ancestry]
   277 | D:1      | Reached XP level 2. HP: 23/24 MP: 2/2
   667 | D:1      | Found Juemegg's Antique Weapon Emporium.
   944 | D:2      | Reached skill level 1 in Evocations
   958 | D:2      | Found an iron altar of Okawaru.
   966 | D:2      | Gained mutation: You have a pair of small antennae on your
                  | head. [demonic ancestry]
   966 | D:2      | Reached XP level 3. HP: 25/29 MP: 3/3
   990 | D:2      | Reached skill level 1 in Shapeshifting
  1368 | D:2      | Noticed a scorpion
  1388 | D:2      | Killed a scorpion
  1389 | D:2      | Reached XP level 4. HP: 35/35 MP: 4/4
  1708 | D:3      | Noticed a +0 dagger
  1708 | D:3      | Noticed a +0 dagger
  1708 | D:3      | Found a hide-covered altar of Uskayaw.
  1741 | D:3      | Found a burning altar of Makhleb.
  1958 | D:3      | Found a runed translucent door.
  1959 | D:3      | Noticed Crazy Yiuf
  2015 | D:3      | Noticed Jessica
  2016 | D:3      | Noticed Natasha
  2025 | D:3      | Killed Natasha
  2026 | D:3      | Gained mutation: A meltable shield of frost defends you.
                  | (SH +4) [demonic ancestry]
  2026 | D:3      | Reached XP level 5. HP: 41/41 MP: 5/5
  2034 | D:3      | Killed Jessica
  2278 | D:3      | Found a runed translucent gate.
  2279 | D:3      | Found a runed translucent gate.
  2284 | D:3      | Noticed pigah's ghost (amateur FoHu)
  2286 | D:3      | Found a runed translucent gate.
  2640 | D:3      | HP: 1/41 [Crazy Yiuf/+4 quarterstaff of chaos (4)]
  2641 | D:3      | Slain by Crazy Yiuf

Illustrated notes

Levels and vault maps discovered:
D:1:      giann_wishing_wells, layout_basic, serial_shops, shop
D:2:      layout_basic, basic_altar
D:3:      minmay_angry_zag, layout_loops_cross, bloody_makhleb,
          dancing_weapons_uskayaw, ebering_ghost_rock_garden,
          kennysheep_generic_room_11, uniq_natasha, uniq_jessica,
          uniq_crazy_yiuf_cottage

Skill      XL: |  1  2  3  4  5 |
---------------+----------------+-----
Unarmed Combat | 3 |  3.8
Evocations     | 1 2 |  2.4
Shapeshifting  | 1 2 |  2.1
Dodging        | 3 |  3.3
Fighting       | |  3.0

Action                     |  1- 3 |  4- 6 || total
---------------------------+-------+-------++-------
  Melee: Unarmed           |   131 |    39 ||   170
         Short sword       |    19 |       ||    19
         Mace              |       |    12 ||    12
         Falchion          |       |    23 ||    23
    Use: Scroll            |     4 |     2 ||     6
 Armour: Robe              |    63 |    39 ||   102
  Dodge: Dodged            |   120 |    74 ||   194
